 Dungeon Crawl Stone Soup version 0.24-a0-699-g5a66b1aa3b (webtiles) character file.

Game seed: 4882231802247053428, levelgen mode: deterministic

79399 Hybris the Thaumaturge (level 15, -6/115 HPs)
             Began as a Gnoll Wizard on Sept 27, 2019.
             Was a High Priest of Vehumet.
             Hit by a large rock thrown by a cyclops (29 damage)
             ... on level 13 of the Dungeon on Sept 29, 2019.
             The game lasted 02:44:42 (28797 turns).

Hybris the Thaumaturge (Gnoll Wizard)              Turns: 28797, Time: 02:44:43

Health: -6/115     AC: 13    Str: 18    XL:     15   Next: 63%
Magic:  32/40      EV: 16    Int: 28    God:    Vehumet [*****.]
Gold:   1840       SH:  8    Dex: 14    Spells: 11/38 levels left

rFire    . . .     SeeInvis .   V - +7 spear "Ittosesch" {flame, Str+7}
rCold    + . .     Gourm    .   T - +2 buckler
rNeg     . . .     Faith    .   X - +2 scale mail {rC+}
rPois    .         Spirit   .   W - +0 hat {Int+3}
rElec    .         Reflect  .   r - +0 cloak
rCorr    .         Harm     .   (no gloves)
MR       +....                  p - +0 pair of boots
Stlth    +++.......             g - amulet of magic regeneration
HPRegen  0.29/turn              P - ring of protection from magic
MPRegen  0.52/turn              M - ring of magical power

@: vulnerable, studying Unarmed Combat
A: distributed training, fangs 1, strong nose
a: Renounce Religion


You were on level 13 of the Dungeon.
You worshipped Vehumet.
Vehumet was extremely pleased with you.
You were not hungry.

You visited 3 branches of the dungeon, and saw 20 of its levels.
You also visited: Ossuary and Gauntlet.

You collected 1840 gold pieces.

Inventory:

Hand Weapons
 V - the +7 spear "Ittosesch" (weapon) {flame, Str+7}
   (You found it on level 6 of the Lair of Beasts)

   It has been specially enchanted to burn those struck by it, causing extra
   injury to most foes and up to half again as much damage against particularly
   susceptible opponents.
   It affects your strength (+7).
Missiles
 y - 56 poisoned darts (quivered)
 U - 13 silver javelins
Armour
 p - a +0 pair of boots (worn)
 r - a +0 cloak (worn)
 T - a +2 buckler (worn)
 W - a +0 hat of intelligence (worn)
 X - a +2 scale mail of cold resistance (worn)
Jewellery
 a - a +3 ring of protection
 g - an amulet of magic regeneration (around neck)
 n - an uncursed ring of protection from cold
 F - an uncursed ring of resist corrosion
 M - a ring of magical power (right hand)
 P - a ring of protection from magic (left hand)
Wands
 q - a wand of digging (9)
 t - a wand of polymorph (13)
 w - a wand of paralysis (8)
 I - a wand of flame (18)
 K - a wand of acid (7)
 R - a wand of enslavement (10)
 Z - a wand of disintegration (9)
Scrolls
 b - 3 scrolls of enchant armour {unknown}
 h - 3 scrolls of magic mapping
 i - 3 scrolls of amnesia
 j - 7 scrolls of fog
 k - 4 scrolls of fear
 l - 10 scrolls of enchant weapon
 m - 12 scrolls of remove curse
 o - 8 scrolls of teleportation
 A - 3 scrolls of blinking {unknown}
 B - 2 scrolls of vulnerability {unknown}
 D - 4 scrolls of random uselessness {unknown}
 J - a scroll of acquirement {unknown}
 Q - 2 scrolls of holy word {unknown}
 Y - a scroll of summoning {unknown}
Potions
 c - 6 potions of heal wounds {unknown}
 e - 4 potions of might
 f - 8 potions of brilliance
 s - 4 potions of haste
 v - 8 potions of curing
 z - 2 potions of mutation {unknown}
 C - a potion of cancellation {unknown}
 G - 4 potions of agility {unknown}
 H - 2 potions of flight {unknown}
 N - a potion of resistance {unknown}
 O - a potion of berserk rage {unknown}
 S - a potion of degeneration {unknown}
Books
 u - a manual of Unarmed Combat
Miscellaneous
 x - a phantom mirror
 L - 2 sacks of spiders
Comestibles
 d - 42 rations
 E - 5 chunks of flesh


   Skills:
 + Level 10.0 Fighting
 + Level 10.0 Short Blades
 + Level 10.0 Long Blades
 + Level 10.0 Axes
 + Level 10.0 Maces & Flails
 + Level 10.0 Polearms
 + Level 10.0 Staves
 + Level 10.0 Slings
 + Level 10.0 Bows
 + Level 10.0 Crossbows
 + Level 10.0 Throwing
 + Level 10.0 Armour
 + Level 11.0 Dodging
 + Level 10.8 Stealth
 + Level 10.0 Shields
 + Level 10.3 Unarmed Combat
 + Level 12.0 Spellcasting
 + Level 8.7 Conjurations
 + Level 8.4 Hexes
 + Level 8.4 Charms
 + Level 8.7 Summonings
 + Level 8.4 Necromancy
 + Level 8.7 Translocations
 + Level 8.4 Transmutations
 + Level 8.4 Fire Magic
 + Level 8.4 Ice Magic
 + Level 8.4 Air Magic
 + Level 8.4 Earth Magic
 + Level 8.4 Poison Magic
 + Level 10.9 Invocations
 + Level 10.0 Evocations


You had 11 spell levels left.
You knew the following spells:

 Your Spells              Type           Power        Failure   Level  Hunger
a - Stone Arrow           Conj/Erth      ######       1%          3    None
b - Blink                 Tloc           N/A          1%          2    None
c - Summon Lightning Spi  Summ/Air       ######..     2%          4    None
d - Conjure Flame         Conj/Fire      ######..     1%          3    None
e - Mephitic Cloud        Conj/Pois/Air  ######..     1%          3    None
f - Fireball              Conj/Fire      ######....   1%          5    ###....
g - Lee's Rapid Deconstr  Erth           ######....   2%          5    ###....
h - Passwall              Tmut/Erth      ######..     1%          2    None

Your spell library contained the following spells:

 Spells                   Type           Power        Failure   Level  Hunger
 Bolt of Magma            Conj/Fire/Erth ######....   1%          5    ###....
 Beastly Appendage        Tmut           ######       1%          1    None
 Confusing Touch          Hex            ######       1%          1    None
 Corona                   Hex            ######.      1%          1    None
 Magic Dart               Conj           ####         1%          1    None
 Sandblast                Erth           ######       1%          1    None
 Summon Small Mammal      Summ           ####         1%          1    None
 Call Imp                 Summ           ######..     1%          2    None
 Slow                     Hex            ######..     1%          2    None
 Sticks to Snakes         Tmut           ######..     1%          2    None
 Call Canine Familiar     Summ           ######..     1%          3    None
 Confuse                  Hex            ######..     1%          3    None
 Gell's Gravitas          Tloc           ######....   1%          3    None
 Inner Flame              Hex/Fire       ######..     1%          3    None
 Portal Projectile        Hex/Tloc       ######       1%          3    None
 Spider Form              Tmut/Pois      ######....   1%          3    None
 Summon Guardian Golem    Hex/Summ       ######..     1%          3    None
 Cause Fear               Hex            ######....   2%          4    None
 Ice Form                 Ice/Tmut       ######..     2%          4    None
 Leda's Liquefaction      Hex/Erth       ######....   2%          4    None
 Petrify                  Tmut/Erth      ######..     2%          4    None
 Summon Ice Beast         Ice/Summ       ######..     2%          4    None
 Yara's Violent Unravell  Hex/Tmut       ######....   2%          5    ###....
 Blade Hands              Tmut           ######....   8%          5    ###....
 Metabolic Englaciation   Hex/Ice        ######....   8%          5    ###....


Dungeon Overview and Level Annotations

Branches:
Dungeon (13/15)            Temple (1/1) D:6            Lair (6/6) D:9
  Swamp (0/4) Lair:3        Snake (0/4) Lair:2        Slime (0/5) Lair:5
    Orc (0/2) D:9         Ossuary (visited)         Gauntlet (visited)
 Vaults: D:13-14

Altars:
Ashenzari
Cheibriados
Dithmenos
Elyvilon
Fedhas
Gozag
Hepliaklqana
Kikubaaqudgha
Makhleb
Nemelex Xobeh
Okawaru
Qazlal
Ru
Sif Muna
Trog
Uskayaw
Vehumet
Wu Jian
Xom
Yredelemnul
Zin
The Shining One

Shops:
D:5 *   D:9 (

Annotations:
D:13 Rupert


Innate Abilities, Weirdness & Mutations

Your experience applies equally to all skills.
You have very sharp teeth.
Your uncanny sense of smell can sniff out nearby items.


Message History

Rupert barely misses you.
Casting: Blink (safe; 1% risk of failure)
Confirm with . or Enter, or press ? or * to list all spells.
You blink.
A cyclops comes into view.
You see here a +0 falchion.
The phantasmal warrior blinks!
Casting: Blink (safe; 1% risk of failure)
Confirm with . or Enter, or press ? or * to list all spells.
You blink.
The phantasmal warrior blinks!
The phantasmal warrior blinks!
You feel less vulnerable to hostile enchantments.
The phantasmal warrior hits you!
* * * LOW HITPOINT WARNING * * *
Your magical defenses are stripped away!
Casting: Blink (safe; 1% risk of failure)
Confirm with . or Enter, or press ? or * to list all spells.
You blink.
The cyclops throws a large rock.
The large rock hits you!!
You die...

#.# #.# #.......#####.#
#.######.#####.....(..()...#
###..........§.........#####.####
<.........######.....C.# #.)..W
###.......# #C#####.# #..W..
#.......# #.# #.# #...@.
#.......# #.# #.# #.....
#....(..# #.# #.# #.....
###.......######@#####.# #.....
..........§..@.......... ......
#.#####....W.......†.... #####.#
#. #................. .# #
#.................
#..............############
#..............#...........
#.........>....#...........
#..............#...........


You could see Rupert (berserk), a cyclops and a phantasmal warrior.

Vanquished Creatures
  Gastronok (Lair:1)
  2 entropy weavers (Lair:6)
  6 dire elephants
  A minotaur (Gauntlet)
  10 hydras
  Harold (D:8)
  A catoblepas (Gauntlet)
  A centaur warrior (D:13)
  An anaconda (Lair:6)
  6 two-headed ogres
  An ogre mage (D:12)
  A queen ant (Lair:6)
  Urug (Lair:6)
  A skeletal warrior (D:13)
  An unseen horror (D:11)
  3 wizards
  Pikel (D:8)
  An orb spider (shapeshifter) (D:13)
  A mana viper (shapeshifter) (D:13)
  3 cyclopes
  2 manticores (D:12)
  9 oklob plants
  The ghost of Grimm the Magician, a novice GnWz of Sif Muna (D:6)
  3 ugly things
  14 elephants
  6 black mambas
  A centaur zombie (D:12)
  2 molten gargoyles (Gauntlet)
  16 spiny frogs
  3 gargoyles
  The ghost of confidenceinterval the Fighter, a novice GrMo of Okawaru (D:5)
  2 rime drakes (Lair:6)
  8 komodo dragons
  A freezing wraith (D:13)
  2 tengu conjurers
  3 trolls
  A polar bear (Lair:5)
  Prince Ribbit (D:6)
  2 hornets
  16 blink frogs
  5 hippogriffs
  A slime creature (D:13)
  Sigmund (D:2)
  A vampire (D:12)
  A wraith (Ossuary)
  A spriggan (Lair:5)
  A wyvern (D:7)
  Grum (D:8)
  45 yaks
  4 hogs (D:7)
  A human (D:7)
  A steam dragon (D:12)
  Menkaure (D:4)
  6 vampire mosquitoes
  A naga (Lair:2)
  8 soldier ants (Lair:6)
  13 water moccasins
  17 porcupines
  8 orc warriors
  A hornet zombie (D:12)
  2 ice beasts (D:12)
  6 black bears
  4 phantoms
  4 slaves (D:8)
  2 ogres
  6 centaurs
  2 necrophages
  10 wolves
  18 crocodiles
  A big kobold (D:9)
  Blork the orc (D:6)
  19 bullfrogs
  A wyvern zombie (D:12)
  6 scorpions
  4 howler monkeys
  An electric eel (Lair:5)
  3 crimson imps
  4 quasits
  5 bullfrog zombies
  9 hounds
  2 jellies
  2 gnoll shamans
  10 orc priests
  Crazy Yiuf (D:2)
  4 centaur skeletons
  13 orc wizards
  4 bullfrog skeletons
  3 iguanas
  Natasha (D:4)
  25 worker ants
  A killer bee zombie (D:5)
  2 hound zombies
  A hound skeleton (D:10)
  2 mummies
  A howler monkey zombie (D:6)
  A worker ant zombie (D:9)
  Robin (D:3)
  9 gnolls
  15 adders
  4 shadow imps
  4 white imps (Gauntlet)
  An adder zombie (D:8)
  An adder skeleton (D:9)
  2 worms
  2 dart slugs
  5 leopard geckos
  37 orcs
  11 giant cockroaches
  26 goblins
  7 hobgoblins
  12 jackals
  8 kobolds
  9 quokkas
  A ball python skeleton (D:4)
  6 bats
  8 frilled lizards
  8 gnoll skeletons (Ossuary)
  A goblin zombie (D:7)
  2 jackal skeletons
  7 kobold skeletons (Ossuary)
  A kobold zombie (D:7)
  A leopard gecko skeleton (D:4)
  10 orc skeletons (Ossuary)
  A quokka zombie (D:5)
  13 rats
  A bush (Lair:5)
  4 fungi
  3 plants (Lair:6)
658 creatures vanquished.

Vanquished Creatures (collateral kills)
  A yak (Lair:6)
  A soldier ant (Lair:6)
  3 worker ants (Lair:6)
  A jackal (D:7)
6 creatures vanquished.

Vanquished Creatures (others)
  A quokka (D:4)
  19 fungi
  16 plants
  10 withered plants (Gauntlet)
46 creatures vanquished.

Grand Total: 710 creatures vanquished

Notes
Turn   | Place    | Note
-------+----------+-------------------------------------------
     0 | D:1      | Hybris the Gnoll Wizard began the quest for the Orb.
     0 | D:1      | Reached XP level 1. HP: 13/13 MP: 8/8
   261 | D:1      | Reached XP level 2. HP: 19/19 MP: 7/10
  1174 | D:2      | Reached XP level 3. HP: 25/25 MP: 6/11
  1224 | D:2      | Noticed Sigmund
  1473 | D:2      | Reached skill level 1 in Invocations
  1630 | D:2      | Reached skill level 1 in Fighting
  1630 | D:2      | Reached skill level 1 in Short Blades
  1630 | D:2      | Reached skill level 1 in Long Blades
  1630 | D:2      | Reached skill level 1 in Axes
  1630 | D:2      | Reached skill level 1 in Maces & Flails
  1630 | D:2      | Reached skill level 1 in Polearms
  1630 | D:2      | Reached skill level 1 in Staves
  1630 | D:2      | Reached skill level 1 in Slings
  1630 | D:2      | Reached skill level 1 in Bows
  1630 | D:2      | Reached skill level 1 in Crossbows
  1630 | D:2      | Reached skill level 1 in Throwing
  1630 | D:2      | Reached skill level 1 in Armour
  1630 | D:2      | Reached skill level 1 in Shields
  1630 | D:2      | Reached skill level 1 in Unarmed Combat
  1630 | D:2      | Reached skill level 1 in Evocations
  1724 | D:2      | Found a runed translucent door.
  1725 | D:2      | Noticed Crazy Yiuf
  1751 | D:2      | Reached XP level 4. HP: 32/32 MP: 11/13
  2026 | D:3      | Found a snail-covered altar of Cheibriados.
  2057 | D:3      | Learned a level 2 spell: Blink
  2061 | D:3      | Learned a level 3 spell: Mephitic Cloud
  2065 | D:3      | Learned a level 3 spell: Conjure Flame
  2068 | D:3      | Learned a level 2 spell: Call Imp
  2301 | D:3      | Noticed Robin
  2364 | D:3      | Killed Robin
  2364 | D:3      | Reached skill level 1 in Hexes
  2364 | D:3      | Reached skill level 1 in Charms
  2364 | D:3      | Reached skill level 1 in Necromancy
  2364 | D:3      | Reached skill level 1 in Transmutations
  2364 | D:3      | Reached skill level 1 in Fire Magic
  2364 | D:3      | Reached skill level 1 in Ice Magic
  2364 | D:3      | Reached skill level 1 in Air Magic
  2364 | D:3      | Reached skill level 1 in Earth Magic
  2364 | D:3      | Reached skill level 1 in Poison Magic
  2506 | D:3      | Reached XP level 5. HP: 37/37 MP: 9/14
  3218 | D:2      | Killed Crazy Yiuf
  3371 | D:2      | Killed Sigmund
  3371 | D:2      | Reached skill level 5 in Dodging
  3371 | D:2      | Reached XP level 6. HP: 44/44 MP: 2/16
  3821 | D:4      | Reached XP level 7. HP: 44/50 MP: 15/18
  3828 | D:4      | Found a white marble altar of Elyvilon.
  3902 | D:4      | Noticed Menkaure
  4365 | D:4      | Noticed Natasha
  4371 | D:4      | Killed Natasha
  4418 | D:4      | Killed Menkaure
  4703 | D:4      | Reached skill level 5 in Stealth
  4814 | D:5      | Entered Level 5 of the Dungeon
  4941 | D:5      | Found Enyuzil's Lightly-Used Armoury.
  5021 | D:5      | Found a runed translucent door.
  5021 | D:5      | Noticed confidenceinterval's ghost (novice GrMo)
  5147 | D:5      | Found a sacrificial altar of Ru.
  5342 | D:5      | Reached XP level 8. HP: 27/57 MP: 15/19
  5786 | D:6      | Found an opulent altar of Gozag.
  5799 | D:6      | Noticed Prince Ribbit
  5812 | D:6      | Killed Prince Ribbit
  5812 | D:6      | Reached skill level 8 in Spellcasting
  5859 | D:6      | Found a staircase to the Ecumenical Temple.
  5875 | Temple   | Entered the Ecumenical Temple
  5997 | Temple   | Became a worshipper of Vehumet
  6045 | D:6      | Found an opulent altar of Gozag.
  6092 | D:6      | Noticed Blork the orc
  6101 | D:6      | Killed Blork the orc
  6105 | D:6      | Noticed a hornet
  6131 | D:6      | Killed a hornet
  6131 | D:6      | Reached XP level 9. HP: 41/65 MP: 3/21
  6259 | D:6      | Found a runed translucent door.
  6264 | D:6      | Noticed Grimm's ghost (novice GnWz)
  6813 | D:7      | Found a sand-covered staircase.
  6822 | Ossuary  | Entered an ossuary
  6899 | Ossuary  | Reached * piety under Vehumet
  6899 | Ossuary  | Offered knowledge of Freeze by Vehumet.
  7427 | D:7      | Offered knowledge of Shock by Vehumet.
  7435 | D:7      | Reached ** piety under Vehumet
  7541 | D:7      | Learned a level 3 spell: Stone Arrow
  7633 | D:7      | Learned a level 5 spell: Lee's Rapid Deconstruction
  7636 | D:7      | Learned a level 2 spell: Passwall
  7859 | D:7      | Reached skill level 5 in Invocations
  8034 | D:7      | Reached XP level 10. HP: 60/73 MP: 22/22
  8040 | D:7      | Offered knowledge of Searing Ray by Vehumet.
  8226 | D:8      | Noticed Harold
  8471 | D:5      | Killed confidenceinterval's ghost
  8471 | D:5      | Reached skill level 5 in Fighting
  8471 | D:5      | Reached skill level 5 in Short Blades
  8471 | D:5      | Reached skill level 5 in Long Blades
  8471 | D:5      | Reached skill level 5 in Axes
  8471 | D:5      | Reached skill level 5 in Maces & Flails
  8471 | D:5      | Reached skill level 5 in Polearms
  8471 | D:5      | Reached skill level 5 in Staves
  8471 | D:5      | Reached skill level 5 in Slings
  8471 | D:5      | Reached skill level 5 in Bows
  8471 | D:5      | Reached skill level 5 in Crossbows
  8471 | D:5      | Reached skill level 5 in Throwing
  8471 | D:5      | Reached skill level 5 in Armour
  8471 | D:5      | Reached skill level 5 in Shields
  8471 | D:5      | Reached skill level 5 in Unarmed Combat
  8471 | D:5      | Reached skill level 5 in Evocations
  8628 | D:6      | Killed Grimm's ghost
  8628 | D:6      | Reached *** piety under Vehumet
  8809 | D:8      | Noticed Pikel
  8817 | D:8      | Killed Pikel
  8817 | D:8      | Reached skill level 9 in Spellcasting
  9000 | D:8      | Found a sparkling altar of Nemelex Xobeh.
  9097 | D:8      | Reached skill level 5 in Conjurations
  9097 | D:8      | Reached skill level 5 in Summonings
  9097 | D:8      | Reached skill level 5 in Translocations
  9146 | D:8      | Noticed Grum
  9155 | D:8      | Killed Grum
  9395 | D:8      | Found a shattered altar of Ashenzari.
  9410 | D:8      | Offered knowledge of Dazzling Spray by Vehumet.
  9444 | D:8      | Killed Harold
  9519 | D:8      | Reached XP level 11. HP: 65/81 MP: 20/24
 10273 | D:9      | Found a staircase to the Orcish Mines.
 10275 | D:9      | Found Roydeb's Weapon Boutique.
 10333 | D:9      | Noticed a two-headed ogre
 10354 | D:9      | Killed a two-headed ogre
 10354 | D:9      | Reached skill level 5 in Hexes
 10354 | D:9      | Reached skill level 5 in Charms
 10354 | D:9      | Reached skill level 5 in Necromancy
 10354 | D:9      | Reached skill level 5 in Transmutations
 10354 | D:9      | Reached skill level 5 in Fire Magic
 10354 | D:9      | Reached skill level 5 in Ice Magic
 10354 | D:9      | Reached skill level 5 in Air Magic
 10354 | D:9      | Reached skill level 5 in Earth Magic
 10354 | D:9      | Reached skill level 5 in Poison Magic
 10451 | D:9      | Found a staircase to the Lair.
 10492 | D:9      | Reached **** piety under Vehumet
 10926 | D:9      | Found a hazy altar of Hepliaklqana.
 10981 | D:8      | Offered knowledge of Force Lance by Vehumet.
 11135 | D:9      | Found an ancient bone altar of Kikubaaqudgha.
 11182 | D:9      | Found a hide-covered altar of Uskayaw.
 11184 | D:9      | Found a stormy altar of Qazlal.
 11185 | D:9      | Found an opulent altar of Gozag.
 11189 | D:9      | Found a sacrificial altar of Ru.
 11189 | D:9      | Found a blossoming altar of Fedhas.
 11190 | D:9      | Found a glowing silver altar of Zin.
 11292 | D:10     | Entered Level 10 of the Dungeon
 11714 | D:10     | Noticed a two-headed ogre
 11733 | D:10     | Killed a two-headed ogre
 12104 | D:11     | Noticed a two-headed ogre
 12124 | D:11     | Killed a two-headed ogre
 12128 | D:11     | Noticed a two-headed ogre
 12797 | D:11     | Killed an unseen horror
 13202 | D:11     | Killed a two-headed ogre
 13307 | D:11     | Reached XP level 12. HP: 89/89 MP: 19/25
 13350 | D:11     | Got a translucent golden ring
 13395 | D:11     | Noticed a two-headed ogre
 13403 | D:11     | Killed a two-headed ogre
 13490 | Lair:1   | Entered Level 1 of the Lair of Beasts
 13494 | Lair:1   | Noticed a five-headed hydra
 13512 | Lair:1   | Killed a five-headed hydra
 13568 | Lair:1   | Identified the ring of Joqig {Str+4 Stlth+} (You found it
                  | on level 11 of the Dungeon)
 13582 | Lair:1   | Reached skill level 10 in Spellcasting
 14659 | Lair:1   | Noticed Gastronok
 15299 | Lair:1   | Killed Gastronok
 15345 | Lair:1   | Upgraded the game from 0.24-a0-653-g3936067ed8 to
                  | 0.24-a0-699-g5a66b1aa3b
 15657 | Lair:2   | Noticed a six-headed hydra
 15663 | Lair:2   | Killed a six-headed hydra
 15702 | Lair:2   | Found a staircase to the Snake Pit.
 16018 | Lair:2   | You fall into a shaft and drop 2 floors!
 16018 | Lair:4   | Noticed a five-headed hydra
 16654 | Lair:2   | Reached XP level 13. HP: 98/98 MP: 27/27
 17419 | Lair:3   | Found a staircase to the Swamp.
 18202 | Lair:4   | Reached ***** piety under Vehumet
 18233 | Lair:4   | Offered knowledge of Fireball by Vehumet.
 18250 | Lair:4   | Learned a level 5 spell: Fireball
 19777 | Lair:4   | Reached skill level 11 in Spellcasting
 20672 | Lair:5   | Reached XP level 14. HP: 88/106 MP: 29/29
 21037 | Lair:5   | Found a staircase to the Slime Pits.
 21068 | Lair:5   | Reached skill level 10 in Dodging
 21388 | Lair:5   | Offered knowledge of Bolt of Magma by Vehumet.
 21803 | Lair:6   | Entered Level 6 of the Lair of Beasts
 22459 | Lair:6   | Reached skill level 10 in Stealth
 23055 | Lair:6   | Noticed an entropy weaver
 23072 | Lair:6   | Reached skill level 10 in Invocations
 23078 | Lair:6   | Noticed an entropy weaver
 23087 | Lair:6   | Killed an entropy weaver
 23089 | Lair:6   | Killed an entropy weaver
 23679 | Lair:6   | Noticed Urug
 23715 | Lair:6   | Killed Urug
 24280 | Lair:6   | Got a bone spear
 24281 | Lair:6   | Identified the +7 spear "Ittosesch" {flame, Str+7} (You
                  | found it on level 6 of the Lair of Beasts)
 24364 | Lair:6   | Noticed a dire elephant
 24592 | Lair:6   | Killed a dire elephant
 24622 | Lair:6   | Noticed a dire elephant
 24639 | Lair:6   | Noticed a dire elephant
 24736 | Lair:6   | Killed a dire elephant
 25151 | Lair:6   | Noticed a dire elephant
 25151 | Lair:6   | Noticed a dire elephant
 25306 | Lair:6   | Noticed a dire elephant
 25623 | Lair:5   | Killed a dire elephant
 25766 | Lair:5   | Killed a dire elephant
 25766 | Lair:5   | Reached XP level 15. HP: 92/114 MP: 30/30
 26387 | D:12     | Found a gate leading to a gauntlet.
 26413 | Gauntlet | Entered a Gauntlet
 26413 | Gauntlet | Found a transporter.
 26422 | Gauntlet | Found a transporter.
 26440 | Gauntlet | Found a transporter.
 26442 | Gauntlet | Found a transporter.
 26452 | Gauntlet | Found a transporter.
 26479 | Gauntlet | Found a transporter.
 26483 | Gauntlet | Found a transporter.
 26496 | Gauntlet | Found a transporter.
 26506 | Gauntlet | Found a transporter.
 26523 | Gauntlet | Found a transporter.
 26527 | Gauntlet | Found a transporter.
 26535 | Gauntlet | Found a transporter.
 26881 | Gauntlet | Found the +0 Maxwell's etheric cage {RegenMP+ *Contam rElec
                  | MP+4}
 27434 | D:11     | Reached skill level 10 in Unarmed Combat
 27689 | D:12     | Learned a level 4 spell: Summon Lightning Spire
 28092 | D:13     | Reached skill level 12 in Spellcasting
 28295 | D:13     | Reached skill level 10 in Fighting
 28295 | D:13     | Reached skill level 10 in Short Blades
 28295 | D:13     | Reached skill level 10 in Long Blades
 28295 | D:13     | Reached skill level 10 in Axes
 28295 | D:13     | Reached skill level 10 in Maces & Flails
 28295 | D:13     | Reached skill level 10 in Polearms
 28295 | D:13     | Reached skill level 10 in Staves
 28295 | D:13     | Reached skill level 10 in Slings
 28295 | D:13     | Reached skill level 10 in Bows
 28295 | D:13     | Reached skill level 10 in Crossbows
 28295 | D:13     | Reached skill level 10 in Throwing
 28295 | D:13     | Reached skill level 10 in Armour
 28295 | D:13     | Reached skill level 10 in Shields
 28295 | D:13     | Reached skill level 10 in Evocations
 28739 | D:13     | Noticed Rupert
 28797 | D:13     | Hit by a large rock thrown by a cyclops

Levels and vault maps discovered:
D:1:      dpeg_arrival_boxes_within_box, layout_basic, serial_bayou_crossing
D:2:      layout_rooms, first_ration, uniq_crazy_yiuf_cottage, uniq_sigmund
D:3:      minmay_evil_eye, layout_loops_corners, cheibriados_altar_1, uniq_robin
D:4:      layout_cave_pools, elyvilon_altar_4, uniq_menkaure, uniq_natasha
D:5:      layout_basic, hellmonk_ghost_happy_afterlife, minmay_shop_damaged,
          nicolae_ru_awakened_eye
D:6:      layout_basic, minmay_temple_entry_ruins, ebering_ghost_sewer_d,
          basic_altar, grunt_gozag_statues, uniq_prince_ribbit1,
          uniq_blork_the_orc
D:7:      layout_cave_pools, nicolae_ossuary_entry_giza, corner_web_ring,
          grunt_livestock, minmay_joined_circles
D:8:      layout_loops_corners, nemelex_xobeh_ov_fountains_minmay,
          evilmike_ruin_ashenzari, uniq_grum, uniq_harold, uniq_pikel
D:9:      layout_small_grid, grunt_temple_overflow_open,
          due_lair_maze_entry_diamond, orc_david_3, basic_altar
D:10:     layout_basic, grunt_ministairs_5
D:11:     layout_rooms
D:12:     minmay_the_grid_four_pointed_star_mashed
          [minmay_the_grid_triangle_9x9_stretched_checkered,
          minmay_the_grid_triangle_9x9_empty,
          minmay_the_grid_triangle_9x9_windchime,
          minmay_the_grid_triangle_9x9_swiss_cheese,
          minmay_the_grid_prize_four_corners], layout_rooms,
          gauntlet_entry_generic, st_stairs_14
D:13:     kennysheep_blocky_room, layout_small_grid,
          lightli_vaults_fourway_checkpoint, uniq_rupert
Temple:   minmay_temple_curvy_loop
Lair:1:   layout_chaotic_city, infiniplex_staircase_pool_2, grunt_megastairs_5,
          uniq_gastronok
Lair:2:   layout_layer_cave, guppyfry_snake_entry_garden
Lair:3:   layout_long_grid, minmay_swamp_entry_swarm, grunt_megastairs_2,
          serial_bayou_shore_b
Lair:4:   layout_roguey, serial_bayou_shore_b, minmay_lair_oklob_chamber
Lair:5:   layout_gridlike, minmay_slime_entry_oklob_enclosed,
          grunt_forest_stairs_clearing
Lair:6:   due_jungle_book, layout_gridlike, minmay_another_anthill,
          grunt_megastairs_4, uniq_urug

Skill      XL: |  1  2  3  4  5  6  7  8  9 10 11 12 13 14 15 |
---------------+----------------------------------------------+-----
Conjurations   | 2 3 4 5 6 7 8 |  8.7
Summonings     | 2 3 4 5 6 7 8 |  8.7
Translocations | 2 3 4 5 6 7 8 |  8.7
Invocations    | 1 2 3 4 5 6 7 8 9 10 | 10.9
Fighting       | 1 2 3 4 5 6 7 8 9 10 | 10.0
Short Blades   | 1 2 3 4 5 6 7 8 9 10 | 10.0
Long Blades    | 1 2 3 4 5 6 7 8 9 10 | 10.0
Axes           | 1 2 3 4 5 6 7 8 9 10 | 10.0
Maces & Flails | 1 2 3 4 5 6 7 8 9 10 | 10.0
Polearms       | 1 2 3 4 5 6 7 8 9 10 | 10.0
Staves         | 1 2 3 4 5 6 7 8 9 10 | 10.0
Slings         | 1 2 3 4 5 6 7 8 9 10 | 10.0
Bows           | 1 2 3 4 5 6 7 8 9 10 | 10.0
Crossbows      | 1 2 3 4 5 6 7 8 9 10 | 10.0
Throwing       | 1 2 3 4 5 6 7 8 9 10 | 10.0
Armour         | 1 2 3 4 5 6 7 8 9 10 | 10.0
Shields        | 1 2 3 4 5 6 7 8 9 10 | 10.0
Unarmed Combat | 1 2 3 4 5 6 7 8 9 10 | 10.3
Evocations     | 1 2 3 4 5 6 7 8 9 10 | 10.0
Hexes          | 1 2 3 4 5 6 7 8 |  8.4
Charms         | 1 2 3 4 5 6 7 8 |  8.4
Necromancy     | 1 2 3 4 5 6 7 8 |  8.4
Transmutations | 1 2 3 4 5 6 7 8 |  8.4
Fire Magic     | 1 2 3 4 5 6 7 8 |  8.4
Ice Magic      | 1 2 3 4 5 6 7 8 |  8.4
Air Magic      | 1 2 3 4 5 6 7 8 |  8.4
Earth Magic    | 1 2 3 4 5 6 7 8 |  8.4
Poison Magic   | 1 2 3 4 5 6 7 8 |  8.4
Dodging        | 5 6 7 8 9 10 11 | 11.0
Stealth        | 5 6 7 8 9 10 | 10.8
Spellcasting   | 8 9 10 11 12 | 12.0

Action                   |  1- 3 |  4- 6 |  7- 9 | 10-12 | 13-15 || total
-------------------------+-------+-------+-------+-------+-------++-------
Melee: Spear             |    45 |    12 |       |       |   218 ||   275
       Punch             |     1 |       |       |       |     7 ||     8
       Bite              |       |     2 |    11 |    23 |    52 ||    88
       Dagger            |       |    15 |       |       |       ||    15
       Scythe            |       |    24 |   202 |   304 |   171 ||   701
       Eveningstar       |       |       |       |       |    25 ||    25
Throw: Dart              |       |       |     2 |     7 |    66 ||    75
       Javelin           |       |       |       |       |     9 ||     9
 Cast: Magic Dart        |    67 |   116 |   284 |    80 |    10 ||   557
       Mephitic Cloud    |       |     9 |    24 |    49 |   106 ||   188
       Blink             |       |     4 |    11 |    23 |    61 ||    99
       Call Imp          |       |       |     1 |     3 |       ||     4
       Conjure Flame     |       |       |     3 |     5 |       ||     8
       Stone Arrow       |       |       |       |   195 |   452 ||   647
       Lee's Rapid Decon |       |       |       |     3 |    36 ||    39
       Fireball          |       |       |       |       |    39 ||    39
Evoke: Wand              |       |       |       |    12 |     3 ||    15
  Use: Scroll            |       |       |     7 |     7 |     4 ||    18
       Potion            |       |       |       |       |     1 ||     1
 Stab: Sleeping          |     1 |       |     3 |     6 |     2 ||    12
       Confused          |       |     4 |    11 |     9 |    19 ||    43
  Eat: Chunk             |     3 |     6 |    37 |    28 |    36 ||   110
Armor: Robe              |     3 |    10 |    44 |    74 |    48 ||   179
       Scale mail        |       |       |       |       |    39 ||    39
Dodge: Dodged            |    24 |    40 |   144 |   376 |   318 ||   902
Block: Buckler           |       |       |       |       |    33 ||    33

Table legend:
 A = Non-vault XP
 B = Vault XP
 C = Vault XP percentage of total XP
 D = Non-vault monster count
 E = Vault monster count
 F = Vault count percentage of total count
                 A         B        C        D         E       F
            +---------+---------+-------+---------+---------+-------
      Total |   71090 |   42338 |  37.3 |     446 |     206 |  31.6
            +---------+---------+-------+---------+---------+-------
        D:1 |      24 |       0 |   0.0 |      14 |       0 |   0.0
        D:2 |     103 |     271 |  72.5 |      34 |       2 |   5.6
        D:3 |     210 |      44 |  17.3 |      30 |      16 |  34.8
        D:4 |     228 |     210 |  47.9 |      20 |       2 |   9.1
        D:5 |     262 |     394 |  60.1 |      11 |       1 |   8.3
        D:6 |    1251 |     980 |  43.9 |      32 |       5 |  13.5
        D:7 |     901 |    1297 |  59.0 |      30 |      19 |  38.8
        D:8 |    1305 |    2022 |  60.8 |      19 |       6 |  24.0
        D:9 |    2397 |    1186 |  33.1 |      25 |      15 |  37.5
       D:10 |     768 |    1000 |  56.6 |      14 |       2 |  12.5
       D:11 |    5401 |     338 |   5.9 |      19 |       1 |   5.0
       D:12 |    2929 |    5691 |  66.0 |      20 |      16 |  44.4
       D:13 |    6542 |    1840 |  22.0 |      24 |       7 |  22.6
     Lair:1 |    3596 |    3831 |  51.6 |      13 |       7 |  35.0
     Lair:2 |    3578 |     151 |   4.0 |      17 |       1 |   5.6
     Lair:3 |    7971 |     903 |  10.2 |      32 |       6 |  15.8
     Lair:4 |    8286 |    3261 |  28.2 |      32 |       8 |  20.0
     Lair:5 |   14576 |    3656 |  20.1 |      38 |      13 |  25.5
     Lair:6 |   10762 |    9862 |  47.8 |      22 |      40 |  64.5
    Ossuary |       0 |     264 | 100.0 |       0 |      27 | 100.0
   Gauntlet |       0 |    5137 | 100.0 |       0 |      12 | 100.0
            +---------+---------+-------+---------+---------+-------
